 Dungeon Crawl Stone Soup version 0.26-a0-649-gf8c6c3aab7 (webtiles) character file.

Game seed: 15834541403945484430

37 DogServant the Caller (level 3, 1/20 HPs)
             Began as a Kobold Summoner on Sept 27, 2020.
             Quit the game on level 2 of the Dungeon.
             The game lasted 00:02:41 (1548 turns).

DogServant the Caller (Kobold Summoner)             Turns: 1548, Time: 00:02:42

Health: 1/20       AC:  3    Str:  4 (6)  XL:     3   Next: 62%
Magic:  5/6        EV: 15    Int: 14 (16) God:
Gold:   78         SH:  0    Dex: 12 (15) Spells: 5/6 levels left

rFire    . . .     SeeInvis .   c - +0 mace
rCold    . . .     Faith    .   (shield restricted)
rNeg     . . .     Spirit   .   a - +0 robe
rPois    .         Reflect  .   (no helmet)
rElec    .         Harm     .   g - +0 cloak
rCorr    .         Rampage  .   (no gloves)
MR       .....                  (no boots)
Stlth    +++.......             (no amulet)
HPRegen  0.06/turn              (no ring)
MPRegen  0.10/turn              (no ring)

@: mighty, lethally poisoned (1 -> -5), flying
A: small, nightstalker 3
a: no special abilities


You were on level 2 of the Dungeon.
You visited 1 branch of the dungeon, and saw 2 of its levels.

You collected 78 gold pieces.

Inventory:

Hand Weapons
 c - a +0 mace (weapon)
Armour
 a - a +0 robe (worn)
 g - a +0 cloak (worn)
 k - a +0 leather armour
Wands
 l - a wand of digging (5)
Scrolls
 b - 2 scrolls of teleportation {unknown}
 e - 2 scrolls of remove curse {unknown}
 i - a scroll of identify {unknown}
 j - a scroll of magic mapping {unknown}


   Skills:
 + Level 0.3 Fighting
 - Level 1.0 Maces & Flails
 + Level 2.6 Dodging
 - Level 3.3 Stealth
 - Level 0.4 Unarmed Combat
 - Level 2.3 Spellcasting
 - Level 4.3 Summonings


You had 5 spell levels left.
You knew the following spells:

 Your Spells              Type           Power        Failure   Level
a - Summon Small Mammal   Summ           ##..         3%          1

Your spell library contained the following spells:

 Spells                   Type           Power        Failure   Level
 Call Imp                 Summ           ##......     6%          2
 Call Canine Familiar     Summ           ##......     12%         3
 Summon Guardian Golem    Hex/Summ       #.......     28%         3
 Summon Ice Beast         Ice/Summ       #.......     67%         4
 Summon Lightning Spire   Summ/Air       #.......     67%         4


Dungeon Overview and Level Annotations

Branches:
Dungeon (2/15)

Altars:
Dithmenos

Annotations:
D:2 Crazy Yiuf


Innate Abilities, Weirdness & Mutations

You are small and have problems with some larger weapons.
You are completely attuned to the shadows.


Message History

* * * LOW HITPOINT WARNING * * *
You feel sick.
Crazy Yiuf cries, "You leg down broken song, no?"
Crazy Yiuf completely misses your rat.
Your rat bites Crazy Yiuf.
It was a potion of flight.
You feel very buoyant.
You fly up into the air.
Crazy Yiuf hits your rat with a +4 quarterstaff of chaos!
Your rat dies!
Your rat's corpse disappears in a puff of smoke!
It was a potion of degeneration.
There was something very wrong with that liquid.
You feel weakened.
You feel dopey.
You feel clumsy.
* * * LOW HITPOINT WARNING * * *
You feel sick.
It was a potion of might.
You feel very mighty all of a sudden.
Crazy Yiuf whimpers, "Ten!
Snoogle eyeball ragdoll."
Crazy Yiuf misses you.
Are you sure you want to abandon this character and quit the game? (Confirm with "yes".)

#.....#
#....#####
#.......
#........(
####...#
###..####.
#....#
♣PPP.♣
♣♣...♣
♣♣.♣♣ ♣♣.♣
♣@♣♣ ♣♣g♣
♣.♣♣ #'#
#...#
#...#
#)..#
#####


You could see Crazy Yiuf.

Vanquished Creatures
  3 dart slugs (D:1)
  3 bats
  A giant cockroach (D:1)
  6 goblins
  2 hobgoblins
  2 kobolds (D:1)
  A ball python (D:2)
  6 frilled lizards (D:1)
  3 rats
27 creatures vanquished.

Vanquished Creatures (collateral kills)
  A worm (D:2)
  A goblin (D:2)
2 creatures vanquished.

Grand Total: 29 creatures vanquished

Notes
Turn   | Place    | Note
-------+----------+-------------------------------------------
     0 | D:1      | DogServant the Kobold Summoner began the quest for the Orb.
     0 | D:1      | Reached XP level 1. HP: 10/10 MP: 3/3
   386 | D:1      | Reached XP level 2. HP: 15/15 MP: 5/5
   636 | D:1      | Reached XP level 3. HP: 19/19 MP: 6/6
  1164 | D:2      | Reached skill level 1 in Maces & Flails
  1442 | D:2      | Found a shadowy altar of Dithmenos.
  1534 | D:2      | Found a runed translucent door.
  1537 | D:2      | Noticed Crazy Yiuf
  1546 | D:2      | HP: 1/20 [poisoned by Crazy Yiuf]
  1548 | D:2      | Quit the game

Illustrated notes

Levels and vault maps discovered:
D:1:      minmay_arrival_glassed_features, layout_basic
D:2:      layout_basic, chequers_serial_rivers_small_b, grunt_dithmenos_smoke,
          uniq_crazy_yiuf_cottage

Skill      XL: |  1  2  3 |
---------------+----------+-----
Stealth        | 3 |  3.3
Maces & Flails | 1 |  1.0
Fighting       | |  0.3
Dodging        | |  2.6
Unarmed Combat | |  0.4
Spellcasting   | |  2.3
Summonings     | |  4.3

Action                   || total
-------------------------++-------
Melee: Unarmed           ||    19
       Mace              ||    78
 Cast: Summon Small Mamm ||     4
  Use: Potion            ||     3
 Stab: Sleeping          ||    12
       Distracted        ||     1
Armor: Robe              ||    16
Dodge: Dodged            ||    95

Table legend: (Time is in decaauts)
 A = Elapsed time spent in this place.
 B = Non-inter-level travel time spent in this place.
 C = Inter-level travel time spent in this place.
 D = Time resting spent in this place.
 E = Time spent auto-exploring this place.
 F = Levels seen in this place.
 G = Mean time per level.
                   A        B        C        D        E       F      G
               +--------+--------+--------+--------+--------+-----+--------+
         Total |   1577 |   1559 |     18 |     13 |   1249 |   2 |  788.5 |
       Dungeon |   1577 |   1559 |     18 |     13 |   1249 |   2 |  788.5 |
               +--------+--------+--------+--------+--------+-----+--------+

Top non-repeatable levels by time:
     D:1: 1142 daAuts
     D:2: 435 daAuts
